Map: Heavy Artillery LE

Players

Toutoune

  • Race: Terran Terran
  • League: Gold
  • Spawn Location: 7:00

shøkets

  • Race: Zerg Zerg
  • League: Platinum
  • Spawn Location: 7:00

Massa - Winner!

  • Race: Terran Terran
  • League: Gold
  • Spawn Location: 3:00

qqq - Winner!

  • Race: Protoss Protoss
  • League: Platinum
  • Spawn Location: 1:00

VOD

Have the link to the VOD?

Description

Time

  • Played on: June 5, 2020, 11:24 a.m.
  • Length: 2:13
Show
View Real Time Build Order
Export as new Build Order

Toutoune Terran 

Build Orders:  

Get SALT Encoding   

  12  0:01  SCV  
  13  0:13  SCV  
  14  0:25  SCV  
  15  0:33  Supply Depot  
  15  0:48  Supply Depot  
  15  0:54  SCV  
  15  0:55  Barracks  
  16  1:03  Supply Depot  
  16  1:29  Barracks  
  16  1:46  Bunker  
  16  1:48  Marine  
Show
View Real Time Build Order
Export as new Build Order

shøkets Zerg 

Build Orders: Hatch First 

Get SALT Encoding   

  12  0:01  Drone  
  13  0:08  Drone  
  14  0:43  Hatchery  
  14  0:49  Drone  
  14  0:57  Drone, Spawning Pool  
  14  1:07  Overlord  
  14  1:25  Drone x2  
  16  1:41  Drone x2  
Show
View Real Time Build Order
Export as new Build Order

Massa Terran - Winner!

Build Orders:  

Get SALT Encoding   

  12  0:08  SCV  
  13  0:18  Supply Depot  
  13  0:20  SCV  
  14  0:28  Refinery  
  14  0:32  SCV  
  15  0:44  SCV  
  16  1:15  Command Center  
  16  1:17  SCV  
  17  1:28  Engineering Bay  
  17  1:29  SCV  
  18  1:41  SCV  
  19  2:00  SCV  
  20  2:13  Refinery  
Show
View Real Time Build Order
Export as new Build Order

qqq Protoss - Winner!

Build Orders: Cannon Rush 

Get SALT Encoding   

  12  0:04  Probe  
  13  0:18  Pylon  
  13  0:24  Probe  
  14  0:37  Forge  
  14  0:48  Probe  
  15  0:57  Pylon  
  15  1:00  Probe  
  16  1:18  Photon Cannon  
  16  1:22  Photon Cannon  
  16  1:24  Pylon  
  16  1:38  Pylon  
  16  1:46  Photon Cannon  
Tags
 
Add a new tag
Caveats
  • Supply blocks, unpowered buildings, or Contaminate may cause inaccurate times.
  • Supply counts are checked every 10 seconds.